[Event "Titled Tuesday Blitz November 15 Early 2022"]
[White "Chernomordik, Pavel"]
[Black "Levine, David"]
[WhiteFideId "2804530"]
[BlackFideId "2011611"]
[WhiteElo "2192"]
[BlackElo "2148"]
[Result "1-0"]
[Round "02"]
[TimeControl "180+1"]
[Date "2022.11.16"]
[WhiteClock "0:01:27"]
[BlackClock "0:00:46"]

1. e4 e5 2. Nf3 Nc6 3. Bb5 a6 4. Ba4 Nf6 5. Qe2 b5 6. Bb3 Bc5 7. a4 Bb7 8. c3 d6 9. d3 h6 10. O-O O-O 11. Rd1 Bb6 12. Na3 b4 13. Nc4 Re8 14. Nxb6 cxb6 15. Be3 Na5 16. Bc2 b3 17. Bb1 d5 18. Bc1 Qd6 19. Nh4 Bc8 20. Qf3 Bg4 21. Qg3 Bxd1 22. Nf5 Qf8 23. Bxh6 Bg4 24. Bxg7 Bxf5 25. Bxf8+ Kxf8 26. exf5 Ke7 27. Qxe5+ 1-0


[Site "https://www.chess.com"]

[Event "Titled Tuesday Blitz November 15 Early 2022"]
[White "Chernov, Mikhail"]
[Black "Andreev, Eduard"]
[WhiteFideId "24143170"]
[BlackFideId "14103400"]
[WhiteElo "2113"]
[BlackElo "2368"]
[Result "0-1"]
[Round "02"]
[TimeControl "180+1"]
[Date "2022.11.16"]
[WhiteClock "0:00:08"]
[BlackClock "0:00:17"]

1. e4 c6 2. d4 d5 3. e5 c5 4. dxc5 e6 5. a3 Bxc5 6. Bd3 a5 7. Qg4 Ne7 8. Qxg7 Rg8 9. Qh6 Rxg2 10. Be3 Qb6 11. Bxc5 Qxc5 12. Qd2 Nbc6 13. Nf3 Bd7 14. Nc3 O-O-O 15. Kf1 Rg4 16. Nb5 Kb8 17. Nd6 f5 18. Rg1 Rxg1+ 19. Kxg1 Nxe5 20. Nxe5 Qxd6 21. Nf7 Rg8+ 22. Kf1 Qxh2 23. Qxa5 Qh1+ 24. Ke2 Qxa1 25. Ne5 Bc8 26. Qb4 Rg7 27. Nd7+ Bxd7 28. Qd6+ Kc8 29. Qe5 Rg8 30. Qc3+ Nc6 31. Qe5 Nxe5 0-1


[Site "https://www.chess.com"]

[Event "Titled Tuesday Blitz November 15 Early 2022"]
[White "Chylewski, Patryk"]
[Black "Zhigalko, Sergei"]
[WhiteFideId "1186191"]
[BlackFideId "13502956"]
[WhiteElo "2618"]
[BlackElo "2908"]
[Result "0-1"]
[Round "02"]
[TimeControl "180+1"]
[Date "2022.11.16"]
[WhiteClock "0:01:24"]
[BlackClock "0:02:23"]

1. e4 c5 2. Nf3 Nc6 3. Bb5 Nf6 4. Bxc6 dxc6 5. d3 Bg4 6. Be3 Nd7 7. Nbd2 Qc7 8. h3 Bh5 9. O-O e6 10. Re1 Bd6 11. Nc4 Be7 12. a4 O-O 13. Ncd2 Rfd8 14. Nf1 Bd6 15. g4 Bg6 16. Kg2 c4 17. dxc4 Bxe4 18. Nd2 Bg6 19. Nh4 Nf8 20. Nxg6 Nxg6 21. Qf3 Nh4+ 0-1


[Site "https://www.chess.com"]

[Event "Titled Tuesday Blitz November 15 Early 2022"]
[White "Concio, Michael Jr."]
[Black "Begunov, Konstantin"]
[WhiteFideId "5217873"]
[BlackFideId "4118510"]
[WhiteElo "2236"]
[BlackElo "2140"]
[Result "1-0"]
[Round "02"]
[TimeControl "180+1"]
[Date "2022.11.16"]
[WhiteClock "0:00:41"]
[BlackClock "0:00:08"]

1. e4 c5 2. Nf3 d6 3. d4 cxd4 4. Nxd4 Nf6 5. Nc3 a6 6. Be2 e5 7. Nb3 Be7 8. Be3 O-O 9. g4 Be6 10. g5 Nfd7 11. h4 b5 12. Qd2 Nb6 13. Na5 b4 14. Nd5 Nxd5 15. exd5 Qxa5 16. dxe6 fxe6 17. Bg4 Rf5 18. Bxf5 exf5 19. f3 d5 20. Bf2 d4 21. O-O Nc6 22. a3 Qd5 23. Qe2 e4 24. fxe4 fxe4 25. Bg3 bxa3 26. bxa3 Ne5 27. Rf5 Bd6 28. Re1 Nf3+ 29. Qxf3 exf3 30. Rxd5 Bxg3 31. Rf1 f2+ 32. Kg2 Bxh4 33. Kh3 Re8 34. Kxh4 Re2 35. Rf5 Rxc2 36. R5xf2 Rc8 37. Rd2 1-0


[Site "https://www.chess.com"]

[Event "Titled Tuesday Blitz November 15 Early 2022"]
[White "Cruz, Jonathan"]
[Black "Vifleemskaia, Svetlana"]
[WhiteFideId "3802124"]
[BlackFideId "4129490"]
[WhiteElo "2406"]
[BlackElo "1929"]
[Result "1-0"]
[Round "02"]
[TimeControl "180+1"]
[Date "2022.11.16"]
[WhiteClock "0:00:34"]
[BlackClock "0:00:46"]

1. Nf3 Nf6 2. g3 b5 3. Bg2 Bb7 4. O-O e6 5. d3 Be7 6. e4 d6 7. Re1 Nbd7 8. b3 O-O 9. Bb2 c5 10. a4 a6 11. Nbd2 Rc8 12. Nf1 Qc7 13. Ne3 Bc6 14. axb5 axb5 15. Nd2 Ra8 16. Qe2 Nb6 17. f4 Nfd7 18. Ng4 Rxa1 19. Rxa1 Ra8 20. Rb1 Ra2 21. Qf1 h5 22. Ne3 Bf6 23. Bxf6 Nxf6 24. Bf3 g6 25. Bd1 Kg7 26. h3 d5 27. e5 Nfd7 28. Ng2 d4 29. Rc1 Nd5 30. Ne4 Ne7 31. Nd6 Nf5 32. Ne8+ 1-0


[Site "https://www.chess.com"]

[Event "Titled Tuesday Blitz November 15 Early 2022"]
[White "D`Arruda, Ricardo D."]
[Black "Urbina Quiroz, Edwin"]
[WhiteFideId "100692"]
[BlackFideId "6500650"]
[WhiteElo "2485"]
[BlackElo "2152"]
[Result "1-0"]
[Round "02"]
[TimeControl "180+1"]
[Date "2022.11.16"]
[WhiteClock "0:00:47"]
[BlackClock "0:00:15"]

1. Nf3 d5 2. d4 Nf6 3. g3 e6 4. Bg2 Be7 5. O-O O-O 6. c4 dxc4 7. Ne5 Nc6 8. Nxc6 bxc6 9. Na3 Bxa3 10. bxa3 Ba6 11. Bxc6 Rb8 12. Bf3 Qd6 13. Bf4 Qxa3 14. Bxc7 Rbc8 15. Be5 c3 16. Qc1 Qxc1 17. Rfxc1 Nd5 18. a4 f6 19. Bd6 Rfd8 20. Bc5 e5 21. Bxa7 e4 22. Bxe4 Bxe2 23. Bc5 Kf7 24. a5 Ba6 25. Rab1 g6 26. Kg2 f5 27. Bxd5+ Rxd5 28. Rxc3 Rc6 29. Rb6 Rxb6 30. axb6 Bb7 31. f3 Ke6 32. Ra3 Rd7 33. Re3+ Kd5 34. Kf2 Kc4 35. h3 Bc6 36. Re6 Bd5 37. Re2 Kd3 38. Rb2 Kc3 39. Rb1 Kc2 40. Ra1 Kd2 41. Ra7 Rxa7 42. bxa7 Kd3 43. g4 f4 44. Bd6 Kxd4 45. Bxf4 Kd3 46. Bc7 Kd4 47. Kg3 Ke3 48. Bb6+ Ke2 49. f4 Kd3 50. Kh4 Ke4 51. Kg5 Ba8 52. f5 Ke5 53. Bc7+ 1-0


[Site "https://www.chess.com"]

[Event "Titled Tuesday Blitz November 15 Early 2022"]
[White "Darini, Pouria"]
[Black "Bok, Benjamin"]
[WhiteFideId "12502200"]
[BlackFideId "1017063"]
[WhiteElo "2483"]
[BlackElo "2658"]
[Result "1-0"]
[Round "02"]
[TimeControl "180+1"]
[Date "2022.11.15"]
[WhiteClock "0:00:12"]
[BlackClock "0:00:09"]

1. e4 c5 2. Nf3 d6 3. d4 cxd4 4. Nxd4 Nf6 5. Nc3 a6 6. a4 e6 7. Be3 Be7 8. a5 O-O 9. Be2 Bd7 10. O-O Nc6 11. Nb3 Qc7 12. Bb6 Qb8 13. f4 Bd8 14. Be3 Be7 15. Bf3 Rc8 16. Kh1 Bf8 17. Qd2 Ne7 18. Rad1 Ng6 19. Nd4 Qc7 20. Nb3 Bc6 21. Qf2 h6 22. Bd4 Nxf4 23. Bxf6 gxf6 24. Qg3+ Ng6 25. Bh5 Bg7 26. Bxg6 fxg6 27. Qxg6 Qe7 28. Nd4 Be8 29. Qg4 Bd7 30. Rd3 Rc5 31. h4 Rxa5 32. Rg3 Kh8 33. b4 f5 34. Qxg7+ Qxg7 35. Rxg7 Kxg7 36. bxa5 Rc8 37. Nde2 fxe4 38. Nxe4 Rxc2 39. Nf4 d5 40. Nh5+ Kg6 41. Neg3 Bc6 42. Rf6+ Kh7 43. Rf7+ Kg8 44. Re7 d4 45. Nf4 e5 46. Rxe5 Kf7 47. Rf5+ Ke7 48. Rh5 Kd6 49. Rxh6+ Ke5 50. Nd3+ Kd5 51. Nb4+ Kc4 52. Nxc2 d3 53. Ne3+ Kd4 54. Ngf5+ Kc3 55. Rxc6+ bxc6 56. h5 d2 57. h6 Kd3 58. h7 c5 59. h8=Q c4 60. Qd4+ Ke2 61. Qxc4+ Ke1 62. Qf1# 1-0


[Site "https://www.chess.com"]

[Event "Titled Tuesday Blitz November 15 Early 2022"]
[White "Deac, Bogdan-Daniel"]
[Black "Kowalczyk, Pawel"]
[WhiteFideId "1226380"]
[BlackFideId "1130641"]
[WhiteElo "2648"]
[BlackElo "2324"]
[Result "1-0"]
[Round "02"]
[TimeControl "180+1"]
[Date "2022.11.15"]
[WhiteClock "0:00:06"]
[BlackClock "0:00:36"]

1. Nf3 Nf6 2. b3 g6 3. Bb2 Bg7 4. g3 O-O 5. Bg2 d6 6. d4 c6 7. O-O Nbd7 8. c4 Qc7 9. Nc3 e5 10. e4 Rd8 11. Rc1 exd4 12. Nxd4 Nc5 13. h3 a5 14. Qc2 Nfd7 15. Rfd1 Nf8 16. Kh2 h5 17. Nf3 Nfe6 18. h4 Qe7 19. Re1 Nf8 20. a3 Bg4 21. b4 axb4 22. axb4 Na6 23. Qb3 Nc7 24. Ne2 Bxb2 25. Qxb2 Nce6 26. Nfg1 Bxe2 27. Nxe2 Ra4 28. Nc3 Ra7 29. Nd5 cxd5 30. exd5 Rda8 31. dxe6 fxe6 32. c5 dxc5 33. bxc5 Qf7 34. Re2 Nh7 35. Bh3 Ra6 36. Rce1 Nf8 37. Qe5 Rc8 38. Qe3 Rac6 39. Rb2 Rxc5 40. Reb1 R8c7 41. Bg2 Rc2 42. Kg1 Rxb2 43. Rxb2 Nh7 44. Rb6 Re7 45. Bh3 Nf8 46. Qe4 Kg7 47. Bg2 Rc7 48. Qe5+ Kh7 49. Qe3 Nd7 50. Rxb7 Rxb7 51. Bxb7 Nf6 52. Bf3 Nd5 53. Qe2 Qf5 54. Kg2 Nf6 55. Qc4 e5 56. Qf7+ Kh6 57. Qf8+ Kh7 58. Bc6 e4 59. Qe7+ Kh6 60. Qf8+ Kh7 61. Qe7+ Kh6 62. Qa3 Ng4 63. Qb2 Qf3+ 64. Kg1 Kh7 65. Qd2 Nf6 66. Bb5 Kg7 67. Bf1 Qf5 68. Bg2 Qe5 69. Qe2 Kf7 70. Bf1 Ng4 71. Bg2 e3 72. fxe3 Qxg3 73. Qc4+ Kg7 74. Qd4+ Kh7 75. Qf4 Qe1+ 76. Bf1 Qxh4 77. Qf7+ Kh6 78. Qf8+ Kg5 79. Qf4# 1-0


[Site "https://www.chess.com"]

[Event "Titled Tuesday Blitz November 15 Early 2022"]
[White "Deev, Andrei"]
[Black "Astafurov, Arseniy"]
[WhiteFideId "4102690"]
[BlackFideId "24175218"]
[WhiteElo "2278"]
[BlackElo "2163"]
[Result "1/2-1/2"]
[Round "02"]
[TimeControl "180+1"]
[Date "2022.11.16"]
[WhiteClock "0:00:14"]
[BlackClock "0:00:04"]

1. e4 c5 2. Nf3 e6 3. c3 d5 4. exd5 Qxd5 5. d4 Nf6 6. Bd3 Nc6 7. O-O Be7 8. Be3 cxd4 9. cxd4 O-O 10. Nc3 Qd6 11. Qe2 a6 12. Rad1 Nb4 13. Bb1 b5 14. Ne5 Bb7 15. Bg5 Nbd5 16. Ne4 Nxe4 17. Qxe4 f5 18. Qh4 Bxg5 19. Qxg5 Rac8 20. Rfe1 Nf6 21. h3 Be4 22. Bxe4 Nxe4 23. Qe3 Qd5 24. f3 Nd6 25. b3 Rfe8 26. Rd2 b4 27. Qd3 Nb5 28. Nc4 Rcd8 29. Red1 Rd7 30. Nb6 Qd6 31. Nxd7 Qxd7 32. Qc4 Qd6 33. Re1 Nc7 34. Rde2 Nd5 35. Re5 Kf7 36. g4 g6 37. Qc5 Qd7 38. Qxd5 exd5 39. Rxe8 fxg4 40. hxg4 Qxe8 41. Rxe8 Kxe8 42. Kf2 Ke7 43. Kg3 Kf6 44. Kh4 h6 45. f4 Kf7 46. g5 h5 47. f5 gxf5 48. Kxh5 Kg7 49. g6 f4 50. Kg4 Kxg6 51. Kxf4 Kf6 52. Kg4 Kg6 53. Kf4 Kf6 54. Kg4 Kg6 55. Kf4 1/2-1/2


[Site "https://www.chess.com"]

[Event "Titled Tuesday Blitz November 15 Early 2022"]
[White "Di Nicolantonio, Lucas"]
[Black "Ibarra Jerez, Jose Carlos"]
[WhiteFideId "680460"]
[BlackFideId "2226332"]
[WhiteElo "2614"]
[BlackElo "2901"]
[Result "1-0"]
[Round "02"]
[TimeControl "180+1"]
[Date "2022.11.16"]
[WhiteClock "0:00:09"]
[BlackClock "0:00:03"]

1. Nf3 Nf6 2. c4 g6 3. Nc3 d6 4. g3 Bg7 5. Bg2 O-O 6. O-O Nc6 7. Rb1 a5 8. a3 e5 9. d3 Re8 10. b4 axb4 11. axb4 e4 12. dxe4 Nxe4 13. Nxe4 Rxe4 14. b5 Na5 15. Nd2 Re8 16. Bb2 Bf5 17. Bxg7 Kxg7 18. Ra1 Qf6 19. Ra3 Ra7 20. e3 b6 21. Qa1 Re5 22. Bd5 Bh3 23. Ne4 Rxe4 24. Qxf6+ Kxf6 25. Bxe4 Bxf1 26. Kxf1 c5 27. bxc6 Nxc6 28. Rd3 Ne5 29. Rxd6+ Ke7 30. Rxb6 Nxc4 31. Rb7+ Rxb7 32. Bxb7 f5 33. Ke2 Ne5 34. Bd5 Kf6 35. f3 Nd7 36. Kd3 Ke5 37. Ba2 Nf6 38. h3 Nd7 39. f4+ Kd6 40. Kd4 Nf6 41. Bc4 Ke7 42. Be2 h5 43. Bf3 Kd6 44. Ba8 Ke7 45. Ke5 Nd7+ 46. Kd4 Kf6 47. Bf3 Ke7 48. g4 hxg4 49. hxg4 Ke6 50. Bd5+ Ke7 51. g5 Nb6 52. Bg8 Nc8 53. Ke5 Nd6 54. Bd5 Nb5 55. e4 fxe4 56. Bxe4 Kf7 57. Bd5+ Kg7 58. Bc4 Na3 59. Bd3 Kf7 60. Kd4 Ke6 61. Kc3 Kd5 62. Kb3 Kd4 63. Kxa3 Kxd3 64. f5 Ke4 65. fxg6 Kf5 66. g7 Kxg5 67. g8=Q+ 1-0


[Site "https://www.chess.com"]

[Event "Titled Tuesday Blitz November 15 Early 2022"]
[White "Dias, Joao Batista"]
[Black "Devaev, Alexander"]
[WhiteFideId "2108240"]
[BlackFideId "4169395"]
[WhiteElo "1898"]
[BlackElo "2225"]
[Result "0-1"]
[Round "02"]
[TimeControl "180+1"]
[Date "2022.11.16"]
[WhiteClock "0:00:17"]
[BlackClock "0:00:49"]

1. e4 c6 2. d4 d5 3. Nd2 dxe4 4. Nxe4 Bf5 5. Ng3 Bg6 6. Nf3 Nd7 7. Bd3 e6 8. O-O Ngf6 9. Re1 Bd6 10. Ne5 Qc7 11. f4 O-O 12. b3 c5 13. c3 Nd5 14. Bxg6 hxg6 15. c4 N5f6 16. Nxd7 Qxd7 17. dxc5 Bxc5+ 18. Kh1 Qc6 19. Bb2 Rad8 20. Qe2 a5 21. Rad1 a4 22. h3 Qb6 23. Qf3 Bf2 24. Rf1 Rxd1 25. Rxd1 Bxg3 26. Qxg3 Ne4 27. Qf3 Nf2+ 28. Kh2 Nxd1 29. Qxd1 Rd8 30. Qc2 axb3 31. axb3 Qe3 32. Be5 Rd3 33. b4 Qg3+ 34. Kg1 Re3 0-1


[Site "https://www.chess.com"]

[Event "Titled Tuesday Blitz November 15 Early 2022"]
[White "Dilmukhametov, Artur"]
[Black "Hajiyev, Kanan"]
[WhiteFideId "24179922"]
[BlackFideId "13404148"]
[WhiteElo "2197"]
[BlackElo "2118"]
[Result "0-1"]
[Round "02"]
[TimeControl "180+1"]
[Date "2022.11.16"]
[WhiteClock "0:02:47"]
[BlackClock "0:02:52"]

1. e4 c6 2. Nc3 d5 3. Qf3 dxe4 4. Nxe4 Nf6 5. Bc4 e6 6. d3 Nbd7 7. Bg5 Be7 8. Qg3 Nxe4 9. dxe4 Bxg5 10. f4 Bh4 0-1


[Site "https://www.chess.com"]

[Event "Titled Tuesday Blitz November 15 Early 2022"]
[White "Dixit, Nikhil"]
[Black "Ardila, Oscar Humberto"]
[WhiteFideId "5059534"]
[BlackFideId "4404742"]
[WhiteElo "2207"]
[BlackElo "1959"]
[Result "1-0"]
[Round "02"]
[TimeControl "180+1"]
[Date "2022.11.16"]
[WhiteClock "0:00:31"]
[BlackClock "0:00:22"]

1. e4 e5 2. Nf3 Nf6 3. Nc3 Nc6 4. d4 exd4 5. Nxd4 Bb4 6. Nxc6 bxc6 7. Bd3 d5 8. Bd2 O-O 9. O-O Re8 10. exd5 Bxc3 11. Bxc3 cxd5 12. Qf3 Be6 13. Bxf6 Qxf6 14. Qxf6 gxf6 15. Rfe1 Bd7 16. Kf1 Re5 17. f4 Ree8 18. Rxe8+ Rxe8 19. Re1 Rd8 20. b4 h6 21. Kf2 Kf8 22. Ke3 Re8+ 23. Kd2 Rb8 24. Kc3 Rb6 25. a3 Re6 26. Rf1 Ke7 27. Kd4 Kd6 28. Rf2 Re1 29. Rf3 Ra1 30. Be2 Bf5 31. Rc3 Be4 32. g3 f5 33. Bd3 Rd1 34. Rc5 c6 35. Ra5 Rh1 36. Rxa7 f6 37. Ra6 Kd7 38. b5 cxb5 39. Bxb5+ Ke7 40. Ra7+ Kf8 41. Bd3 Rxh2 42. a4 Rh3 43. a5 Rxg3 44. a6 Rg1 45. Rb7 Ra1 46. a7 h5 47. Rb8+ Kg7 48. a8=Q Rxa8 49. Rxa8 h4 50. Ra1 Kg6 51. Bxe4 dxe4 52. Ke3 Kh5 53. Rg1 h3 54. Rg8 Kh4 55. c4 h2 56. c5 Kh3 57. Rh8+ Kg2 58. Rxh2+ Kxh2 59. c6 1-0


[Site "https://www.chess.com"]

[Event "Titled Tuesday Blitz November 15 Early 2022"]
[White "Donchenko, Alexander"]
[Black "Demin, Vladimir"]
[WhiteFideId "24603295"]
[BlackFideId "4167457"]
[WhiteElo "2572"]
[BlackElo "2552"]
[Result "1-0"]
[Round "02"]
[TimeControl "180+1"]
[Date "2022.11.16"]
[WhiteClock "0:00:07"]
[BlackClock "0:00:01"]

1. d4 Nf6 2. c4 e5 3. dxe5 Ng4 4. Bf4 Bb4+ 5. Nd2 d6 6. h3 dxe5 7. Bg3 Nf6 8. Bxe5 Nc6 9. Bc3 Bxc3 10. bxc3 Qe7 11. e3 Bf5 12. Ngf3 O-O-O 13. Be2 Ne4 14. Qc1 Nc5 15. O-O Rd6 16. Nd4 Bd7 17. N2b3 Ne4 18. Bf3 Rg6 19. Kh1 Qh4 20. Bxe4 Qxe4 21. f3 Qh4 22. Qe1 Qh6 23. Nxc6 Bxh3 24. Ne7+ Kb8 25. Nxg6 hxg6 26. Qg3 Be6+ 27. Kg1 Bxc4 28. Rfe1 Rd8 29. Kf2 Qh5 30. Rad1 Re8 31. Rd7 1-0


[Site "https://www.chess.com"]

[Event "Titled Tuesday Blitz November 15 Early 2022"]
[White "Donskov, Anatoly"]
[Black "Samunenkov, Ihor"]
[WhiteFideId "24143413"]
[BlackFideId "14187086"]
[WhiteElo "2219"]
[BlackElo "2441"]
[Result "0-1"]
[Round "02"]
[TimeControl "180+1"]
[Date "2022.11.16"]
[WhiteClock "0:00:01"]
[BlackClock "0:00:05"]

1. e4 c5 2. Nf3 Nc6 3. Nc3 g6 4. Bb5 Bg7 5. Bxc6 dxc6 6. h3 Nf6 7. d3 Nd7 8. Be3 e5 9. O-O b6 10. a4 a5 11. Nh2 Nf8 12. f4 exf4 13. Bxf4 Ne6 14. Be3 Nd4 15. Rb1 Be6 16. Ne2 O-O 17. Nf4 Bd7 18. c3 Ne6 19. d4 cxd4 20. cxd4 Qe7 21. Qd3 Rad8 22. b3 Nxf4 23. Rxf4 Be6 24. Rf2 Bxd4 25. Bxd4 c5 26. Bxc5 Qxc5 27. Qe2 f5 28. e5 Rd4 29. Nf3 Re4 30. Qc2 Rc8 31. Qxc5 Rxc5 32. Rd2 Rd5 33. Rc2 Rc5 34. Rd2 h6 35. Rd6 Kf7 36. Rxb6 g5 37. Rb7+ Kg6 38. Rb6 Kf7 39. Rd1 g4 40. Rb7+ Kg6 41. Rd6 gxf3 42. Rxe6+ Kh5 43. gxf3 Re2 44. Kf1 Rb2 45. Ke1 Rc1# 0-1


[Site "https://www.chess.com"]

[Event "Titled Tuesday Blitz November 15 Early 2022"]
[White "Dubov, Daniil"]
[Black "Acor, Corey"]
[WhiteFideId "24126055"]
[BlackFideId "2024861"]
[WhiteElo "2791"]
[BlackElo "2340"]
[Result "1-0"]
[Round "02"]
[TimeControl "180+1"]
[Date "2022.11.15"]
[WhiteClock "0:00:09"]
[BlackClock "0:00:02"]

1. e4 e5 2. Nf3 Nc6 3. Bc4 Bc5 4. c3 Nf6 5. d4 exd4 6. cxd4 Bb4+ 7. Nbd2 Nxe4 8. d5 Nxd2 9. Bxd2 Qe7+ 10. Kf1 Bxd2 11. Qxd2 Qc5 12. Re1+ Ne7 13. Qf4 O-O 14. b4 Qxb4 15. d6 Nd5 16. Qe4 c6 17. Bxd5 Qxd6 18. Bb3 Qh6 19. Qe3 Qxe3 20. Rxe3 d5 21. Re7 a5 22. Ke2 Ra6 23. Kd2 Rb6 24. Rhe1 Bg4 25. Ne5 Bf5 26. g4 Bc8 27. h3 Rb4 28. Nd3 Rd4 29. Kc3 Re4 30. R1xe4 dxe4 31. Rxe4 b5 32. a3 g6 33. Re7 Kg7 34. g5 b4+ 35. axb4 axb4+ 36. Kxb4 Bxh3 37. Ne5 Bg2 38. Bxf7 Rb8+ 39. Kc3 Kf8 40. Rc7 Rd8 41. Bc4 Bd5 42. Rxh7 Bxc4 43. Kxc4 Kg8 44. Re7 Rf8 45. Nd3 Rf5 46. Re5 Rf7 47. f4 Kg7 48. Re6 c5 49. Rxg6+ Kf8 50. Rf6 Rxf6 51. gxf6 1-0


[Site "https://www.chess.com"]

[Event "Titled Tuesday Blitz November 15 Early 2022"]
[White "Durarbayli, Vasif"]
[Black "Safin, Robert"]
[WhiteFideId "13402935"]
[BlackFideId "34189120"]
[WhiteElo "2586"]
[BlackElo "2253"]
[Result "1-0"]
[Round "02"]
[TimeControl "180+1"]
[Date "2022.11.16"]
[WhiteClock "0:00:35"]
[BlackClock "0:00:07"]

1. e4 g6 2. d4 Bg7 3. Nc3 c6 4. Be3 d5 5. e5 h5 6. f4 Nh6 7. Nf3 Bg4 8. Be2 e6 9. Qd2 Nd7 10. Bf2 Nf5 11. Ng5 Bxe2 12. Nxe2 h4 13. O-O-O Qe7 14. g4 hxg3 15. hxg3 O-O-O 16. Qd3 f6 17. Nf3 Nh6 18. Qxg6 f5 19. g4 Nf8 20. Qg5 Qxg5 21. fxg5 Nxg4 22. Rxh8 Bxh8 23. Bg3 Ng6 24. Rh1 Bg7 25. Rh7 Rg8 26. Nh4 Nf8 27. Rh5 Kd7 28. Nf4 Rh8 29. Rxh8 Bxh8 30. Nh5 Ke7 31. g6 1-0


[Site "https://www.chess.com"]

[Event "Titled Tuesday Blitz November 15 Early 2022"]
[White "Ezat, Mohamed"]
[Black "Torres Dominguez, David"]
[WhiteFideId "10600906"]
[BlackFideId "2220857"]
[WhiteElo "2386"]
[BlackElo "2037"]
[Result "1-0"]
[Round "02"]
[TimeControl "180+1"]
[Date "2022.11.16"]
[WhiteClock "0:01:05"]
[BlackClock "0:01:30"]

1. d4 e6 2. c4 f5 3. Nc3 Nf6 4. e3 Bb4 5. Qc2 Bxc3+ 6. bxc3 O-O 7. Bd3 b6 8. Ne2 Bb7 9. O-O d6 10. f3 Nbd7 11. e4 fxe4 12. fxe4 e5 13. Bg5 Qe8 14. Ng3 Qg6 15. Qd2 Rae8 16. Bxf6 Rxf6 17. Rxf6 Qxf6 18. Rf1 Qg6 19. a4 a5 20. Qb2 Bc8 21. c5 dxc5 22. Bc4+ Kh8 23. Bf7 Qg5 24. Bxe8 Nf6 25. Bh5 cxd4 26. cxd4 Qe3+ 27. Qf2 Qg5 28. Bf3 h5 29. dxe5 Qxe5 30. Rc1 Qf5 31. Nxf5 1-0


[Site "https://www.chess.com"]

[Event "Titled Tuesday Blitz November 15 Early 2022"]
[White "Fajdetic, Hrvoje"]
[Black "Jaskolka, Tomasz"]
[WhiteFideId "14501945"]
[BlackFideId "1170791"]
[WhiteElo "2172"]
[BlackElo "2126"]
[Result "1-0"]
[Round "02"]
[TimeControl "180+1"]
[Date "2022.11.16"]
[WhiteClock "0:00:09"]
[BlackClock "0:00:05"]

1. d4 d5 2. Bf4 h5 3. h3 Nf6 4. e3 Bf5 5. c4 c6 6. Qb3 Qb6 7. c5 Qxb3 8. axb3 a6 9. Nd2 e6 10. b4 Be7 11. Nb3 O-O 12. Na5 Ra7 13. Nf3 Nbd7 14. Ne5 Nxe5 15. Bxe5 Nd7 16. Bh2 Bd8 17. f3 Bxa5 18. bxa5 f6 19. Bd6 Re8 20. g4 Bg6 21. Kd2 e5 22. Rg1 Nf8 23. dxe5 fxe5 24. gxh5 Bxh5 25. Be2 e4 26. f4 Bxe2 27. Kxe2 Kf7 28. Rg4 Nh7 29. Rag1 Rg8 30. Be5 Nf6 31. Rg6 Raa8 32. h4 Ne8 33. h5 Rh8 34. R1g5 Rh7 35. Rf5+ Kg8 36. Re6 Nf6 37. Bxf6 gxf6 38. Rexf6 Rg7 39. Rg5 Kh7 40. Kf2 Rag8 41. Rxg7+ Rxg7 42. f5 Re7 43. Kg3 d4 44. exd4 e3 45. Re6 Rd7 46. Rxe3 Rxd4 47. Re7+ Kh6 48. Rxb7 Rd5 49. Rb6 Rxc5 50. b4 Rc3+ 51. Kf4 Kxh5 52. f6 Rc1 53. Ke5 Re1+ 54. Kd6 Kg6 55. Kxc6 Kxf6 56. Kb7+ Ke7 57. Kxa6 Kd7 58. Ka7 Kc8 59. b5 Re7+ 60. Ka6 Rh7 61. Rc6+ Kb8 62. b6 Rg7 63. Rd6 Rg8 64. Rd7 Rh8 65. Re7 Ka8 66. Re6 Kb8 67. b7 Rg8 68. Rc6 Rf8 69. Kb6 Rf6 70. a6 Rxc6+ 71. Kxc6 Ka7 72. Kc7 Kxa6 73. b8=Q Ka5 74. Qb6+ Ka4 75. Kc6 Ka3 76. Kc5 Ka2 77. Kc4 Ka1 78. Kc3 Ka2 79. Qb2# 1-0


[Site "https://www.chess.com"]

[Event "Titled Tuesday Blitz November 15 Early 2022"]
[White "Fathy, Elameir"]
[Black "Johnson, Ben"]
[WhiteFideId "10600396"]
[BlackFideId "2010917"]
[WhiteElo "2311"]
[BlackElo "2121"]
[Result "1-0"]
[Round "02"]
[TimeControl "180+1"]
[Date "2022.11.16"]
[WhiteClock "0:00:15"]
[BlackClock "0:00:02"]

1. d4 Nf6 2. c4 e6 3. Nf3 d5 4. g3 dxc4 5. Bg2 c5 6. O-O Nc6 7. dxc5 Qxd1 8. Rxd1 Bxc5 9. Nbd2 c3 10. bxc3 O-O 11. Nb3 Be7 12. Nfd4 Bd7 13. a4 Rac8 14. Nb5 Rfd8 15. Be3 a6 16. Nd6 Rb8 17. Bb6 Rf8 18. Nc5 Be8 19. a5 Bxd6 20. Rxd6 Nd5 21. Bxd5 exd5 22. Rxd5 Ne7 23. Rd6 Bc6 24. c4 Rfe8 25. Rd2 Nf5 26. e3 g6 27. Rc1 Ng7 28. Nd7 Bxd7 29. Rxd7 Ne6 30. Kg2 Rec8 31. f4 Nc5 32. Rd5 Ne4 33. f5 Rc6 34. Kf3 Nf6 35. Rd3 Rbc8 36. fxg6 hxg6 37. c5 Kg7 38. Rcd1 Re8 39. Rd6 Ne4 40. Rxc6 bxc6 41. Rd7 Nc3 42. Ra7 Nd5 43. e4 Nf6 44. Rxa6 Nxe4 45. Ra7 Ng5+ 46. Kg2 1-0


[Site "https://www.chess.com"]

[Event "Titled Tuesday Blitz November 15 Early 2022"]
[White "Fernandez De La Vara, Arnaldo"]
[Black "Andreikin, Dmitry"]
[WhiteFideId "3518388"]
[BlackFideId "4158814"]
[WhiteElo "2387"]
[BlackElo "2736"]
[Result "0-1"]
[Round "02"]
[TimeControl "180+1"]
[Date "2022.11.15"]
[WhiteClock "0:00:04"]
[BlackClock "0:01:21"]

1. Nf3 Nf6 2. g3 b5 3. Bg2 Bb7 4. O-O e6 5. b3 a5 6. c4 b4 7. d4 g6 8. Nbd2 Bg7 9. Qc2 O-O 10. e4 c5 11. Bb2 cxd4 12. Nxd4 Nc6 13. Nb5 d6 14. Rfd1 Qe7 15. Rac1 Rfd8 16. h3 Nd7 17. Nf1 Bxb2 18. Qxb2 Nc5 19. Ne3 a4 20. Ng4 e5 21. Ne3 axb3 22. Nd5 Qf8 23. axb3 Na5 24. f4 Naxb3 25. fxe5 Bxd5 26. exd5 Nxc1 27. Qxc1 dxe5 28. d6 Ra2 29. Qe3 Ne6 30. c5 Ra5 31. Bf1 Rb8 32. Nc7 Nxc7 33. dxc7 Rc8 34. Qxe5 Rxc5 35. Qxc5 Qxc5+ 0-1


[Site "https://www.chess.com"]

[Event "Titled Tuesday Blitz November 15 Early 2022"]
[White "Fernandez Siles, Luis"]
[Black "Tregubov, Pavel V."]
[WhiteFideId "2209420"]
[BlackFideId "4115341"]
[WhiteElo "2186"]
[BlackElo "2448"]
[Result "1-0"]
[Round "02"]
[TimeControl "180+1"]
[Date "2022.11.16"]
[WhiteClock "0:01:15"]
[BlackClock "0:00:23"]

1. d4 Nf6 2. c4 e6 3. Nc3 Bb4 4. e3 O-O 5. Ne2 d5 6. a3 Be7 7. cxd5 exd5 8. g3 c6 9. Bg2 Na6 10. O-O Nc7 11. f3 c5 12. dxc5 Bxc5 13. Nd4 Ne6 14. Nce2 Re8 15. Bd2 Nxd4 16. Nxd4 Qb6 17. Bc1 Bd7 18. Kh1 Rac8 19. b3 Bb5 20. Nxb5 Qxb5 21. Bb2 Rxe3 22. Bxf6 gxf6 23. Qxd5 Qxb3 24. Qh5 Qe6 25. Bh3 Qc6 26. Qg4+ 1-0


[Site "https://www.chess.com"]

[Event "Titled Tuesday Blitz November 15 Early 2022"]
[White "Flis, Pawel"]
[Black "Baches Garcia, Guillermo"]
[WhiteFideId "1112864"]
[BlackFideId "2209764"]
[WhiteElo "1817"]
[BlackElo "2428"]
[Result "0-1"]
[Round "02"]
[TimeControl "180+1"]
[Date "2022.11.16"]
[WhiteClock "0:00:02"]
[BlackClock "0:00:25"]

1. e4 c5 2. Nf3 d6 3. d4 cxd4 4. Nxd4 Nf6 5. Nc3 a6 6. Bg5 e6 7. f4 Qc7 8. Qf3 b5 9. O-O-O b4 10. Nce2 Bb7 11. Bxf6 gxf6 12. Ng3 Nd7 13. Kb1 Qc5 14. Nb3 Qb6 15. f5 Ne5 16. Qh5 O-O-O 17. Be2 Kb8 18. fxe6 fxe6 19. Bg4 d5 20. exd5 Bxd5 21. Qh3 f5 22. Be2 Be7 23. Nh5 Bg5 24. Rhe1 Ng6 25. g3 Rc8 26. Qf1 Rc6 27. Bf3 Bxf3 28. Qxf3 Rhc8 29. Re2 a5 30. Nd4 Rd6 31. h4 Bh6 32. Qd3 e5 33. Qb3 Rxd4 0-1


[Site "https://www.chess.com"]